 Dungeon Crawl Stone Soup version 0.26-a0-30-g56b8cd3df0 (webtiles) character file.

Game seed: 802931176210251436, levelgen mode: deterministic

14 vurker the Magician (level 2, -8/22 HPs)
             Began as a Demigod Wizard on May 30, 2020.
             Mangled by a hobgoblin
             ... wielding a +0 club
              (9 damage)
             ... on level 1 of the Dungeon.
             The game lasted 00:00:31 (152 turns).

vurker the Magician (Demigod Wizard)                 Turns: 152, Time: 00:00:31

Health: -8/22      AC:  2    Str: 10    XL:     2   Next: 15%
Magic:  0/8        EV: 12    Int: 22    God:
Gold:   0          SH:  0    Dex: 14    Spells: 5/6 levels left

rFire    . . .     SeeInvis .   (no weapon)
rCold    . . .     Gourm    .   (no shield)
rNeg     . . .     Faith    .   a - +0 robe
rPois    .         Spirit   .   b - +0 hat
rElec    .         Reflect  .   (no cloak)
rCorr    .         Harm     .   (no gloves)
MR       .....                  (no boots)
Stlth    ++........             (no amulet)
HPRegen  0.07/turn              c - ring of flight
MPRegen  0.11/turn              (no ring)

@: no status effects
A: high mp 1
a: Evoke Flight


You were on level 1 of the Dungeon.
You were not hungry.

You visited 1 branch of the dungeon, and saw 1 of its levels.

Inventory:

Armour
 a - a +0 robe (worn)
 b - a +0 hat (worn)
Jewellery
 c - a ring of flight (left hand)
   (You found it on level 1 of the Dungeon)
Comestibles
 e - a ration


   Skills:
 + Level 0.5 Fighting
 - Level 1.7 Dodging
 - Level 1.7 Stealth
 * Level 2.9 Spellcasting
 * Level 1.4 Conjurations
   Level 0.8 Summonings
   Level 0.8 Translocations


You had 5 spell levels left.
You knew the following spells:

 Your Spells              Type           Power        Failure   Level  Hunger
a - Magic Dart            Conj           #...         7%          1    None

Your spell library contained the following spells:

 Spells                   Type           Power        Failure   Level  Hunger
 Blink                    Tloc           N/A          13%         2    ##.....
 Call Imp                 Summ           #.......     13%         2    ##.....
 Slow                     Hex            #.......     19%         2    ##.....
 Conjure Flame            Conj/Fire      #.......     28%         3    ###....
 Mephitic Cloud           Conj/Pois/Air  #.......     30%         3    ###....


Dungeon Overview and Level Annotations

Branches:
Dungeon (1/15)


Innate Abilities, Weirdness & Mutations

You have an increased reservoir of magic. (+10% MP)


Message History

You closely miss the kobold. The kobold misses you.
Your magical contamination has completely faded away.
You hit the kobold but do no damage. The kobold hits you but does no damage.
You closely miss the kobold. The kobold barely misses you.
You hit the kobold.
You kill the kobold!
You completely miss the kobold. The kobold closely misses you.
You closely miss the kobold. The kobold barely misses you.
You barely miss the kobold. The kobold hits you with a +0 whip.
You closely miss the kobold. The kobold hits you with a +0 whip.
Aim: a kobold, wielding a +0 whip and quivering 3 stones The magic dart hits the kobold.
The kobold closely misses you.
You don't have enough magic to cast that spell.
You hit the kobold.
You kill the kobold!
You hit the ooze but do no damage.
The ooze jiggles.
The ooze misses you.
The hobgoblin drinks a potion.
The hobgoblin seems to grow stronger.
You hit the ooze but do no damage. The ooze barely misses you.
You barely miss the ooze. The ooze hits you but does no damage.
You barely miss the ooze. The ooze barely misses you.
You hit the ooze but do no damage. The ooze closely misses you.
The ooze misses you.
You hit the ooze. The ooze hits you.
You hit the ooze. The ooze hits you.
You barely miss the ooze. The ooze barely misses you.
You hit the ooze. The ooze hits you but does no damage.
You hit the ooze but do no damage. The ooze hits you.
You hit the ooze but do no damage. The ooze barely misses you.
You hit the ooze but do no damage. The ooze hits you.
You barely miss the ooze. The ooze closely misses you.
You hit the ooze. The ooze hits you.
* * * LOW HITPOINT WARNING * * *
Aim: an ooze (almost dead)
The magic dart hits the ooze.
You kill the ooze!
You have reached level 2!
You hit the hobgoblin but do no damage. The hobgoblin hits you with a +0 club.
* * * LOW HITPOINT WARNING * * *
Aim: a hobgoblin, wielding a +0 club (strong)
The magic dart hits the hobgoblin.
The hobgoblin closely misses you.
You closely miss the hobgoblin. The hobgoblin closely misses you.
You closely miss the hobgoblin. The hobgoblin hits you with a +0 club.
* * * LOW HITPOINT WARNING * * *
You closely miss the hobgoblin. The hobgoblin misses you.
You don't have enough magic to cast that spell.
You barely miss the hobgoblin. You hit the hobgoblin but do no damage.
The hobgoblin hits you with a +0 club!
You die...

♣♣♣♣ ♣♣♣♣♣♣♣♣
♣♣♣♣♣
...♣♣.♣♣@g.♣♣.....
.♣♣..♣...♣....♣
..♣.♣..♣..♣..♣♣
.♣♣..♣♣.♣♣.......♣
♣.♣..♣..♣♣..♣..♣♣.
♣..♣.♣.♣..♣♣K .♣
♣.♣.♣..♣......♣ J.
.. ♣.♣♣......♣♣.
.. ..
♣♣.♣...♣...... .


You could see a hobgoblin (strong).

Vanquished Creatures
  An ooze (D:1)
  A giant cockroach (D:1)
  A goblin (D:1)
  A hobgoblin (D:1)
  2 kobolds (D:1)
  A frilled lizard (D:1)
  2 rats (D:1)
9 creatures vanquished.

Notes
Turn   | Place    | Note
-------+----------+-------------------------------------------
     0 | D:1      | vurker the Demigod Wizard began the quest for the Orb.
     0 | D:1      | Reached XP level 1. HP: 14/14 MP: 6/6
    14 | D:1      | Reached skill level 1 in Conjurations
   145 | D:1      | Reached XP level 2. HP: 5/22 MP: 0/8
   149 | D:1      | HP: 1/22 [hobgoblin/+0 club (2)]
   152 | D:1      | Mangled by a hobgoblin

Illustrated notes

Levels and vault maps discovered:
D:1:      erik_arrival_cave_to_civilisation [erik_arrival_cave_to_hall],
          layout_basic

Skill      XL: |  1 |
---------------+----+-----
Conjurations   | 1 |  1.4
Fighting       | |  0.5
Dodging        | |  1.7
Stealth        | |  1.7
Spellcasting   | |  2.9
Summonings     | |  0.8
Translocations | |  0.8

Action                   || total
-------------------------++-------
Melee: Unarmed           ||    40
 Cast: Magic Dart        ||    17
Armor: Robe              ||     2
Dodge: Dodged            ||    29

Table legend:
 A = Non-vault XP
 B = Vault XP
 C = Vault XP percentage of total XP
 D = Non-vault monster count
 E = Vault monster count
 F = Vault count percentage of total count
                 A         B        C        D         E       F
            +---------+---------+-------+---------+---------+-------
      Total |      20 |       0 |   0.0 |       9 |       0 |   0.0
            +---------+---------+-------+---------+---------+-------
        D:1 |      20 |       0 |   0.0 |       9 |       0 |   0.0
            +---------+---------+-------+---------+---------+-------
